 Dungeon Crawl Stone Soup version 0.21.1-1-g345015f (webtiles) character file.

2503 Baghtru the Cleaver (level 9, 0/82 HPs)
             Began as a Hill Orc Fighter on Mar 2, 2018.
             Was a Follower of the Shining One.
             Slain by a warg (10 damage)
             ... on level 8 of the Dungeon.
             The game lasted 00:13:08 (4756 turns).

Baghtru the Cleaver (Hill Orc Fighter)              Turns: 4756, Time: 00:13:08

Health: 0/82       AC: 19    Str: 22    XL:     9   Next: 53%
Magic:  9/9        EV:  5    Int:  8    God:    the Shining One [*.....]
Gold:   411        SH: 11    Dex: 12    Spells: 8/8 levels left

rFire    . . .     SeeInvis .   a - +0 war axe
rCold    . . .     Gourm    .   c - +0 shield
rNeg     . . .     Faith    .   F - +0 plate armour
rPois    .         Spirit   .   d - +0 helmet
rElec    .         Reflect  .   C - +1 cloak
rCorr    .         Harm     .   j - +0 pair of gloves
MR       .....                  A - +0 pair of boots
Stlth    ..........             (no amulet)
HPRegen  0.23/turn              o - ring of flight
MPRegen  0.11/turn              z - +2 ring of dexterity

@: lethally poisoned (0 -> -21), glowing
A: no striking features
a: Renounce Religion, Evoke Flight


You were on level 8 of the Dungeon.
You worshipped the Shining One.
The Shining One was aware of your devotion.
You were very hungry.

You visited 2 branches of the dungeon, and saw 9 of its levels.

You collected 411 gold pieces.

Inventory:

Hand Weapons
 a - a +0 war axe (weapon)
 r - a +2 flail of crushing
 y - the +10 dagger of Aroq {vamp, Int+3, unknown}
   (You found it on level 5 of the Dungeon)

   It inflicts no extra harm, but heals its wielder when it wounds a living foe.
   It affects your intelligence (+3).
   The Shining One disapproves of the use of such an item.
Armour
 c - a +0 shield (worn)
 d - a +0 helmet (worn)
 j - a +0 pair of gloves (worn)
 A - a +0 pair of boots (worn)
 C - a +1 cloak (worn)
 F - a +0 plate armour (worn)
Jewellery
 o - a ring of flight (left hand)
 z - a +2 ring of dexterity (right hand)
Wands
 v - a wand of iceblast (17)
 x - a wand of polymorph (11)
 D - a wand of disintegration (10)
Scrolls
 e - a scroll of fog {unknown}
 i - a scroll of magic mapping {unknown}
 k - 2 scrolls of remove curse
 l - a scroll of enchant armour {unknown}
 m - 3 scrolls of teleportation
 n - a scroll of enchant weapon {unknown}
 s - a scroll of torment {unknown}
 t - a scroll of fear {unknown}
 u - a scroll of noise {unknown}
 w - 4 scrolls of identify {unknown}
 B - 2 scrolls of blinking {unknown}
 E - a scroll of amnesia {unknown}
Potions
 b - a potion of heal wounds {unknown}
 g - a potion of curing
 h - a potion of resistance {unknown}
Comestibles
 f - 10 rations


   Skills:
 + Level 8.4 Fighting
 + Level 8.7 Axes
 + Level 7.6 Armour
 + Level 7.6 Shields


You had 8 spell levels left.
You didn't know any spells.

Dungeon Overview and Level Annotations

Branches:
Dungeon (8/15)             Temple (1/1) D:5            Lair (0/6) D:8

Altars:
Ashenzari
Fedhas
Gozag
Hepliaklqana
Kikubaaqudgha
Makhleb
Nemelex Xobeh
Okawaru
Qazlal
Trog
Uskayaw
Vehumet
Wu Jian
Xom
Yredelemnul
Zin
The Shining One


Message History

You slash the warg!
* * * LOW HITPOINT WARNING * * *
You feel sick. The warg bites you but does no damage.
The orc priest hits you but does no damage.
You slash the orc priest!
You kill the orc priest!
The Shining One accepts your kill.
You hit the warg. You closely miss the warg. You slash the warg!
* * * LOW HITPOINT WARNING * * *
You feel very sick. The warg bites you.
* * * LOW HITPOINT WARNING * * *
The warg bites you but does no damage. The warg barely misses you.
The warg bites you but does no damage.
Your shield prevents you from hitting the warg.
The warg is moderately wounded.
You hit the warg but do no damage. You slash the warg!
* * * LOW HITPOINT WARNING * * *
You feel sick. The warg barely misses you. The warg bites you!
You die...

.# #.# #.. #... ###
....... .# #...##.#
.....>. ..#......
....... ##...###..
...P... ####.#.##...
#.....o ..##.#.#.#..
#.... ####............
#####.h##.<..###.#.#.#.<
..?...h@)).(.....#......
######h#)#..##########.#
............#..........
####..##.#..#.######..#
.........#..#[# ###.##
.###.##.)#..#.# #...##
#. #..#..#.####(.... #.
#..#...)..((.....
#..#....))...####


You could see 3 wargs and an orc wizard.

Vanquished Creatures
  The ghost of Mirai the Cleaver, a novice DsBe of Trog (D:7)
  Edmund (D:6)
  2 orc warriors (D:8)
  3 ogres
  2 centaurs
  4 bullfrogs
  A scorpion (D:4)
  3 howler monkeys
  A bullfrog zombie (D:5)
  A crimson imp (D:7)
  A hound (D:7)
  A quasit (D:7)
  A centaur zombie (D:7)
  2 orc priests (D:8)
  A gnoll shaman (D:6)
  A jelly (D:5)
  A centaur skeleton (D:6)
  Jessica (D:3)
  3 orc wizards (D:8)
  2 iguanas
  3 worker ants
  Robin (D:2)
  6 gnolls
  10 adders
  2 shadow imps (D:5)
  An ooze (D:1)
  An adder zombie (D:5)
  3 dart slugs
  4 leopard geckos
  14 orcs
  A giant cockroach (D:2)
  25 goblins
  9 hobgoblins
  3 jackals (D:2)
  7 kobolds
  2 quokkas (D:7)
  11 bats
  2 frilled lizards
  2 leopard gecko skeletons (D:5)
  6 rats
146 creatures vanquished.

Notes
Turn   | Place    | Note
-------+----------+-------------------------------------------
     0 | D:1      | Baghtru the Hill Orc Fighter began the quest for the Orb.
     0 | D:1      | Reached XP level 1. HP: 19/19 MP: 1/1
     7 | D:1      | You fall through a shaft!
     7 | D:2      | Noticed Robin
    13 | D:2      | Reached XP level 2. HP: 9/27 MP: 2/2
    15 | D:2      | Killed Robin
    15 | D:2      | Reached XP level 3. HP: 5/33 MP: 3/3
    52 | D:2      | Reached XP level 4. HP: 3/40 MP: 4/4
   510 | D:2      | Reached XP level 5. HP: 47/47 MP: 5/5
   606 | D:2      | Found an opulent altar of Gozag.
   606 | D:2      | Found a bloodstained altar of Trog.
   664 | D:2      | Found a shattered altar of Ashenzari.
   899 | D:3      | Found a basalt altar of Yredelemnul.
  1052 | D:3      | Noticed Jessica
  1059 | D:3      | Killed Jessica
  1759 | D:4      | Reached skill level 5 in Fighting
  1759 | D:4      | Reached XP level 6. HP: 41/56 MP: 6/6
  1990 | D:5      | Entered Level 5 of the Dungeon
  2158 | D:5      | Reached skill level 5 in Axes
  2171 | D:5      | Found a staircase to the Ecumenical Temple.
  2186 | Temple   | Entered the Ecumenical Temple
  2193 | Temple   | Became a worshipper of the Shining One
  2300 | D:5      | Got a fine dagger
  2324 | D:5      | Reached skill level 5 in Shields
  2571 | D:6      | Reached skill level 5 in Armour
  2713 | D:6      | Reached XP level 7. HP: 61/61 MP: 7/7
  3066 | D:6      | Found a blossoming altar of Fedhas.
  3126 | D:6      | Noticed Edmund
  3131 | D:6      | Reached XP level 8. HP: 67/71 MP: 8/8
  3316 | D:6      | Killed Edmund
  3415 | D:7      | Noticed a hand axe
  3415 | D:7      | Noticed a hand axe
  3425 | D:7      | Found a hide-covered altar of Uskayaw.
  4023 | D:7      | Found an iron altar of Okawaru.
  4083 | D:7      | Reached * piety under the Shining One
  4087 | D:7      | Noticed Mirai's ghost (novice DsBe)
  4113 | D:7      | HP: 5/109 [Mirai's ghost (7)]
  4114 | D:7      | HP: 2/109 [Mirai's ghost (3)]
  4123 | D:7      | HP: 1/109 [Mirai's ghost (9)]
  4129 | D:7      | HP: 2/109 [Mirai's ghost (9)]
  4134 | D:7      | Killed Mirai's ghost
  4134 | D:7      | Reached XP level 9. HP: 15/81 MP: 9/9
  4585 | D:8      | Found a glowing silver altar of Zin.
  4752 | D:8      | Found a staircase to the Lair.
  4756 | D:8      | Slain by a warg

Skill      XL: |  1  2  3  4  5  6  7  8  9 |
---------------+----------------------------+-----
Axes           | 3 4 5 6 8 |  8.7
Fighting       | 4 5 6 7 8 |  8.4
Shields        | 4 5 7 |  7.6
Armour         | 4 5 7 |  7.6

Action                   |  1- 3 |  4- 6 |  7- 9 || total
-------------------------+-------+-------+-------++-------
Melee: War axe           |    24 |   218 |   236 ||   478
  Use: Potion            |     1 |       |    10 ||    11
       Scroll            |       |       |     2 ||     2
  Eat: Chunk             |       |     6 |     6 ||    12
Armor: Scale mail        |    24 |    58 |       ||    82
       Chain mail        |       |    45 |    96 ||   141
       Skin              |       |       |    18 ||    18
       Plate armour      |       |       |    22 ||    22
Dodge: Dodged            |    23 |    49 |    47 ||   119
Block: Shield            |    31 |   107 |   147 ||   285
